AoeStats
← AkHide1

Socotra

506964120Analyzed
4v4 RM · 16d ago on Sep 16, 2026· 25m 46s· 8 players
Game mode
Random Map
Map size
148×148
Population
200
Speed
Normal
Resources
Standard
Victory
Conquest
Starting age
Dark Age
Ending age
Imperial Age
RankedLock teamsTeams togetherTeam positionsShared explorationLock speedFull tech treeHidden civsTurbo modeCheats
Victory
Defeat
🇨🇴 Italians · Colombia
1146
+14
🇨🇳 Teutons · China
1145
+14
🇦🇷 Ethiopians · Argentina
1103
+15
🇺🇸 Britons · United States
1013
+19
🇨🇴 Inca · Colombia
1132
-17
🇲🇽 Bulgarians · Mexico
1111
-16
🇺🇸 Teutons · United States
1074
-15
🇲🇽 Koreans · Mexico
1048
-14
ChamacoPerro
5:44 Loom
10:22 Feudal Age
11:33 Town Watch
13:49 Double-Bit Axe
19:26 Horse Collar
25:15 Castle Age
24:20 Scale Barding Armor
24:26 Forging
Sniper_Wolf
10:17 Loom
13:13 Feudal Age
14:32 Double-Bit Axe
14:56 Arson
16:32 Scale Mail Armor
18:39 Forging
19:30 Wheelbarrow
19:13 Horse Collar
24:37 Castle Age
23:51 Fletching
ChewedGizmo
10:53 Feudal Age
9:15 Loom
11:17 Man-at-Arms
22:53 Castle Age
21:39 Forging
23:22 Bloodlines
24:33 Iron Casting
Diegonorreea
11:02 Feudal Age
11:04 Champi Runner
16:34 Double-Bit Axe
19:18 Scale Mail Armor
19:18 Padded Archer Armor
DooWopShooBop
7:02 Loom
hargir
2:18 Loom
10:03 Feudal Age
13:43 Bloodlines
20:37 Castle Age
18:49 Double-Bit Axe
19:11 Horse Collar
22:10 Bow Saw
22:05 Heavy Plow
Altria Pendragon
3:13 Loom
11:41 Feudal Age
21:05 Castle Age
19:02 Double-Bit Axe
19:37 Horse Collar
22:00 Bloodlines
23:04 Wheelbarrow
22:40 Forging
22:37 Scale Barding Armor
24:17 Gold Mining
AkHide1
6:50 Loom
11:04 Feudal Age
11:44 Double-Bit Axe
13:58 Fletching
19:19 Horse Collar
24:22 Padded Archer Armor
24:17 Gold Mining
27:48 Castle Age
Connection lost

Rejoining the realm…

Still unreachable

The connection could not be restored.

Session expired

The server has moved on; the page needs a fresh start.